Map: Taito Citadel LE

Players

UBeGiN

  • Race: Zerg Zerg
  • Spawn Location: 11:00

SCIInewby - Winner!

  • Race: Protoss Protoss
  • League: Master
  • Spawn Location: 5:00

VOD

Have the link to the VOD?

Description

Time

  • Played on: Feb. 6, 2026, 4:14 p.m.
  • Length: 9:51
Show
View Real Time Build Order
Export as new Build Order

UBeGiN Zerg 

Build Orders: Hatch First 

Get SALT Encoding   

  12  0:02  Drone  
  13  0:13  Overlord  
  13  0:20  Drone  
  14  0:32  Drone  
  14  0:33  Drone  
  16  0:40  Drone  
  17  0:59  Hatchery  
  16  1:04  Extractor  
  16  1:09  Drone x3  
  18  1:20  Spawning Pool  
  18  1:25  Overlord  
  17  1:39  Drone  
  18  2:11  Queen  
  18  2:14  Zergling x6  
  23  2:23  Baneling Nest  
  22  2:34  Metabolic Boost  
  22  2:54  Drone x3  
  25  3:15  Drone  
  26  3:21  Queen, Hatchery  
  26  3:25  Lair  
  27  3:31  Roach Warren  
  26  3:35  Drone x2  
  28  3:57  Queen  
  30  4:07  Drone x4  
  30  4:08  Drone x2  
  36  4:11  Overlord x2  
  36  4:19  Extractor  
  34  4:37  Drone x3  
  34  4:38  Drone x4  
  41  4:39  Drone  
  42  4:49  Centrifugal Hooks, Infestation Pit  
  41  4:53  Glial Reconstitution  
  41  4:59  Extractor, Drone  
  42  5:00  Drone x4  
  42  5:06  Overlord  
  45  5:19  Queen  
  47  5:25  Drone  
  47  5:26  Drone x2  
  47  5:28  Drone x3  
  53  5:32  Extractor  
  52  5:36  Drone  
  52  5:37  Drone x2  
  55  5:58  Drone x3  
  58  6:08  Overlord x3  
  58  6:13  Hatchery  
  58  6:14  Drone  
  58  6:15  Drone x2, Spire  
  58  6:17  Tunneling Claws  
  59  6:26  Spore Crawler  
  58  6:37  Overseer  
  58  6:39  Spore Crawler  
  57  6:46  Spore Crawler  
  56  6:48  Zergling x6  
  56  6:49  Zergling x14  
  56  6:50  Zergling x10  
  56  6:52  Baneling x5  
  71  7:05  Overlord  
  71  7:06  Overlord x2  
  55  7:32  Zergling x6, Mutalisk x2  
  55  7:33  Mutalisk x3  
  55  7:35  Mutalisk x2  
  55  7:36  Mutalisk x2  
  53  8:15  Mutalisk x5  
  53  8:16  Mutalisk  
  55  8:22  Drone x3  
  55  8:23  Drone x2  
  59  8:54  Drone  
  59  8:55  Drone x4  
  63  8:56  Drone x4  
  63  8:57  Drone  
  69  9:22  Zergling x8  
  69  9:23  Zergling x6  
Show
View Real Time Build Order
Export as new Build Order

SCIInewby Protoss - Winner!

Build Orders:  

Get SALT Encoding   

  12  0:00  Probe  
  13  0:13  Probe  
  14  0:23  Pylon  
  14  0:27  Probe  
  15  0:41  Probe  
  16  0:43  Forge  
  16  0:58  Gateway  
  16  0:59  Probe  
  17  1:07  Probe  
  17  1:09  Assimilator  
  18  1:26  Probe  
  19  1:41  Pylon  
  19  1:47  Probe  
  19  1:53  Nexus  
  20  2:03  Photon Cannon  
  20  2:04  Zealot  
  22  2:11  Pylon  
  22  2:21  Cybernetics Core  
  22  2:23  Probe  
  23  2:30  Assimilator  
  23  2:33  Probe  
  23  2:35  Assimilator  
  24  2:59  Pylon  
  24  3:07  Probe x2  
  26  3:17  Probe  
  26  3:19  Probe  
  28  3:22  Warp Gate  
  28  3:25  Probe  
  28  3:27  Probe  
  28  3:34  Probe  
  30  3:35  Probe  
  32  3:43  Pylon  
  32  3:46  Stalker, Probe x2  
  34  3:55  Pylon  
  36  3:58  Probe  
  36  4:02  Probe  
  38  4:03  Pylon  
  38  4:10  Probe  
  38  4:14  Probe  
  40  4:24  Gateway  
  40  4:25  Gateway  
  40  4:29  Gateway  
  40  4:30  Stalker, Protoss Shields Level 1  
  40  4:39  Probe  
  40  4:41  Probe  
  42  4:49  Pylon  
  42  4:58  Twilight Council  
  42  5:06  Probe x2  
  42  5:07  Assimilator  
  44  5:14  Probe  
  44  5:15  Probe  
  46  5:21  Zealot  
  46  5:22  Zealot x2  
  52  5:34  Probe, Charge  
  54  5:39  Zealot  
  55  5:44  Photon Cannon  
  55  5:45  Stargate  
  55  5:47  Stargate  
  55  5:48  Probe  
  56  5:51  Zealot  
  58  5:59  Photon Cannon  
  58  6:05  Dark Shrine  
  58  6:08  Pylon  
  58  6:09  Photon Cannon  
  58  6:14  Probe  
  58  6:16  Zealot  
  58  6:17  Zealot  
  63  6:24  Stalker  
  65  6:25  Stalker  
  65  6:27  Protoss Ground Weapons Level 1  
  68  6:47  Probe x2  
  68  6:51  Fleet Beacon  
  69  6:59  Probe x2  
  71  7:01  Zealot  
  71  7:04  Nexus  
  69  7:16  Pylon  
  69  7:19  Pylon  
  69  7:21  Stalker x2  
  73  7:43  Carrier x2  
  73  7:50  Assimilator  
  85  7:52  Zealot x2  
  85  7:55  Assimilator  
  89  8:01  Photon Cannon  
  73  8:30  Stalker x3  
  73  8:31  Stalker  
  77  8:34  Probe x2  
  77  8:35  Probe  
  77  8:39  Carrier x2  
  80  8:46  Probe  
  93  8:54  Stalker  
  95  8:56  Zealot  
  95  8:58  Probe x2  
  99  9:09  Probe  
  100  9:10  Probe  
  101  9:18  Probe  
  101  9:21  Probe  
  103  9:28  Nexus  
Tags
 
League
Master
Matchup
PvZ
Replay Pack
Multiplayer
Spawn Locations
Cross Positions
Add a new tag
Caveats
  • Supply blocks, unpowered buildings, or Contaminate may cause inaccurate times.
  • Supply counts are checked every 10 seconds.